TOP OF THE 1ST |
University of California Golden Bears batting - Pitching for Washington State University Cougars : LHP Seth Shaw
|
Pitching: LHP Seth Shaw
|
|
Batting: LHB Luis Orellana
|
0-0: Ball 1-0: Foul Ball, location: 2F 1-1: Called Strike 1-2: Ball 2-2: Foul Ball, location: 2F 2-2: Ball 3-2: Base on Balls
|
Batting: RHB Mario Diaz
|
0-0: Ball 1-0: Swinging Strike 1-1: Swinging Strike 1-2: Strikes out looking
|
Batting: RHB Nate Mahon
|
0-0: Foul Ball, location: 2F 0-1: Ball 1-1: Foul Ball, location: 2F 1-2: Ball 2-2: Grounds into double play, 5-4-3 (Groundball, 56, EV 82.5 MPH)
|
Top of the 1st over - 0 runs, 0 hits, 0 errors, 0 left on base; University of California 0 - Washington State University 0 |
BOTTOM OF THE 1ST |
Washington State University Cougars batting - Pitching for University of California Golden Bears : RHP Michito Higashi
|
Pitching: RHP Michito Higashi
|
|
Batting: RHB Rich Griffith
|
0-0: Called Strike 0-1: Ball 1-1: Ball 2-1: Foul Ball, location: 2F 2-2: Foul Ball, location: 2F 2-2: Foul Ball, location: 2F 2-2: Ball 3-2: Fly out, F7 (Flyball, 78M, EV 93.8 MPH)
|
Batting: RHB Noe Oliva
|
0-0: Ball 1-0: Fly out, F7 (Line Drive, 7, EV 90.0 MPH)
|
Batting: RHB Jon Chatman
|
0-0: Fly out, F8 (Flyball, 89M, EV 81.2 MPH)
|
Bottom of the 1st over - 0 runs, 0 hits, 0 errors, 0 left on base; University of California 0 - Washington State University 0 |
TOP OF THE 2ND |
University of California Golden Bears batting - Pitching for Washington State University Cougars : LHP Seth Shaw
|
Batting: SHB Matsudaira Ikeda
|
0-0: Ball 1-0: Ball 2-0: Fly out, F8 (Line Drive, 78M, EV 98.1 MPH)
|
Batting: RHB Juan Debayle
|
0-0: Called Strike 0-1: Ground out 5-3 (Groundball, 56, EV 104.4 MPH)
|
Batting: RHB Alex Martinez
|
0-0: Fly out, F9 (Flyball, 9, EV 89.4 MPH)
|
Top of the 2nd over - 0 runs, 0 hits, 0 errors, 0 left on base; University of California 0 - Washington State University 0 |
BOTTOM OF THE 2ND |
Washington State University Cougars batting - Pitching for University of California Golden Bears : RHP Michito Higashi
|
Batting: RHB Leo Lopez
|
0-0: Called Strike 0-1: Ground out 4-3 (Groundball, 4D, EV 95.6 MPH)
|
Batting: LHB Jeremy Rideout
|
0-0: DOUBLE (Flyball, 78XD, EV 99.4 MPH)
|
Batting: RHB Wilson Salgado
|
0-0: Foul Ball, location: 2F 0-1: Ground out 2-3 (Groundball, 15S, EV 73.1 MPH) Jeremy Rideout to third
|
Batting: LHB Randolph Brodbeck
|
0-0: Ball 1-0: Ground out 4-3 (Groundball, 34, EV 105.0 MPH)
|
Bottom of the 2nd over - 0 runs, 1 hit, 0 errors, 1 left on base; University of California 0 - Washington State University 0 |
TOP OF THE 3RD |
University of California Golden Bears batting - Pitching for Washington State University Cougars : LHP Seth Shaw
|
Batting: RHB Alex Guerra
|
0-0: Foul Ball, location: 2F 0-1: Swinging Strike 0-2: Ball 1-2: Ball 2-2: Foul Ball, location: 2F 2-2: Strikes out swinging
|
Batting: RHB Devon Healy
|
0-0: Ball 1-0: Called Strike 1-1: Ball 2-1: Foul Ball, location: 2F 2-2: Strikes out swinging
|
Batting: RHB Domingas Saragoa
|
0-0: Ball 1-0: Called Strike 1-1: Foul Ball, location: 2F 1-2: Strikes out looking
|
Top of the 3rd over - 0 runs, 0 hits, 0 errors, 0 left on base; University of California 0 - Washington State University 0 |
BOTTOM OF THE 3RD |
Washington State University Cougars batting - Pitching for University of California Golden Bears : RHP Michito Higashi
|
Batting: RHB Eric Kent
|
0-0: Ball 1-0: Ball 2-0: SINGLE (Groundball, 56S, EV 69.4 MPH) (infield hit)
|
Batting: RHB Jesus Montoya
|
0-0: Ball 1-0: Swinging Strike 1-1: Ball 2-1: Foul Ball, location: 2F 2-2: Strikes out swinging
|
Batting: RHB Rich Griffith
|
0-0: Called Strike 0-1: Ball 1-1: Ball 2-1: Ball 3-1: Base on Balls Eric Kent to second
|
Batting: RHB Noe Oliva
|
0-0: 3-RUN HOME RUN (Flyball, 7LD, EV 96.9 MPH), Distance : 361 ft
|
Batting: RHB Jon Chatman
|
0-0: Ball 1-0: Ball 2-0: Foul Ball, location: 2F 2-1: Foul Ball, location: 2F 2-2: Ball 3-2: Base on Balls
|
Batting: RHB Leo Lopez
|
0-0: Called Strike 0-1: Ball 1-1: Called Strike 1-2: Strikes out swinging
|
Batting: LHB Jeremy Rideout
|
0-0: Foul Ball, location: 2F 0-1: Swinging Strike 0-2: Ball 1-2: Ball 2-2: Fly out, F8 (Line Drive, 8LD, EV 92.5 MPH)
|
Bottom of the 3rd over - 3 runs, 2 hits, 0 errors, 1 left on base; University of California 0 - Washington State University 3 |
TOP OF THE 4TH |
University of California Golden Bears batting - Pitching for Washington State University Cougars : LHP Seth Shaw
|
Batting: LHB Luis Orellana
|
0-0: Called Strike 0-1: Ball 1-1: Fly out, F8 (Flyball, 8RM, EV 93.8 MPH)
|
Batting: RHB Mario Diaz
|
0-0: Called Strike 0-1: Foul Ball, location: 2F 0-2: Ball 1-2: SINGLE (Groundball, 56, EV 83.1 MPH) (infield hit)
|
Batting: RHB Nate Mahon
|
0-0: Called Strike 0-1: Ball 1-1: Ball 2-1: Foul Ball, location: 2F 2-2: 2-RUN HOME RUN (Flyball, 7D, EV 101.9 MPH), Distance : 402 ft
|
Batting: SHB Matsudaira Ikeda
|
0-0: Ball 1-0: Ball 2-0: Called Strike 2-1: Ball 3-1: Base on Balls
|
Batting: RHB Juan Debayle
|
0-0: Called Strike 0-1: Swinging Strike 0-2: Ball 1-2: Strikes out swinging
|
Batting: RHB Alex Martinez
|
0-0: Ball 1-0: Called Strike 1-1: Ground out 5-3 (Groundball, 56S, EV 74.4 MPH)
|
Top of the 4th over - 2 runs, 2 hits, 0 errors, 1 left on base; University of California 2 - Washington State University 3 |
BOTTOM OF THE 4TH |
Washington State University Cougars batting - Pitching for University of California Golden Bears : RHP Michito Higashi
|
Batting: RHB Wilson Salgado
|
0-0: Swinging Strike 0-1: Foul Ball, location: 2F 0-2: Ball 1-2: DOUBLE (Line Drive, 78XD, EV 105.6 MPH)
|
Batting: LHB Randolph Brodbeck
|
0-0: Called Strike 0-1: Foul Ball, location: 2F 0-2: Ball 1-2: SINGLE (Groundball, 6MS, EV 68.8 MPH) (infield hit) Wilson Salgado to third
|
Batting: RHB Eric Kent
|
0-0: Ball Randolph Brodbeck steals 2nd base 1-0: Fly out, F6 (Popup, 6, EV 82.5 MPH)
|
Batting: RHB Jesus Montoya
|
0-0: Ball 1-0: Ball 2-0: SINGLE (Flyball, 89S, EV 96.9 MPH) Wilson Salgado scores Randolph Brodbeck to third
|
Batting: RHB Rich Griffith
|
0-0: Ball 1-0: Ball 2-0: Ball 3-0: Called Strike 3-1: Fly out, F9 (Flyball, 89D, EV 94.4 MPH) Runner from 3rd tags up, SCORES, throw by RF
|
Pitching: RHP Travis Morris
|
|
Batting: RHB Noe Oliva
|
0-0: Ball 1-0: Fly out, F9 (Flyball, 9S, EV 91.2 MPH)
|
Bottom of the 4th over - 2 runs, 3 hits, 0 errors, 1 left on base; University of California 2 - Washington State University 5 |
TOP OF THE 5TH |
University of California Golden Bears batting - Pitching for Washington State University Cougars : LHP Seth Shaw
|
Batting: RHB Alex Guerra
|
0-0: Called Strike 0-1: Ball 1-1: Ball 2-1: Foul Ball, location: 2F 2-2: SINGLE (Groundball, 15S, EV 65.0 MPH) (infield hit)
|
Batting: RHB Devon Healy
|
0-0: Foul Ball, location: 2F 0-1: Ball 1-1: Ball 2-1: Foul Ball, location: 2F 2-2: Strikes out looking
|
Batting: RHB Domingas Saragoa
|
0-0: Ball 1-0: Called Strike 1-1: Ball 2-1: Foul Ball, location: 2F 2-2: Fly out, F4 (Line Drive, 34D, EV 71.9 MPH)
|
Batting: LHB Luis Orellana
|
0-0: Called Strike 0-1: Fly out, F7 (Flyball, 78S, EV 97.5 MPH)
|
Top of the 5th over - 0 runs, 1 hit, 0 errors, 1 left on base; University of California 2 - Washington State University 5 |
BOTTOM OF THE 5TH |
Washington State University Cougars batting - Pitching for University of California Golden Bears : RHP Travis Morris
|
Batting: RHB Jon Chatman
|
0-0: Called Strike 0-1: SINGLE (Groundball, 6MD, EV 108.8 MPH)
|
Batting: RHB Leo Lopez
|
0-0: Ball 1-0: Ball 2-0: Foul Ball, location: 2F 2-1: SINGLE (Flyball, 4D, EV 90.6 MPH) Jon Chatman to second
|
Batting: LHB Jeremy Rideout
|
0-0: Foul Ball, location: 2F 0-1: Foul Ball, location: 2F 0-2: Grounds into double play, 6-4-3 (Groundball, 6, EV 88.1 MPH) Jon Chatman to third
|
Batting: RHB Wilson Salgado
|
0-0: Ground out 5-3 (Groundball, 5S, EV 69.4 MPH)
|
Bottom of the 5th over - 0 runs, 2 hits, 0 errors, 1 left on base; University of California 2 - Washington State University 5 |
TOP OF THE 6TH |
University of California Golden Bears batting - Pitching for Washington State University Cougars : LHP Seth Shaw
|
Batting: RHB Mario Diaz
|
0-0: Called Strike 0-1: Fly out, F7 (Line Drive, 7, EV 95.0 MPH)
|
Pitching: RHP Juan Serrano
|
|
Batting: RHB Nate Mahon
|
0-0: Ball 1-0: Foul Ball, location: 2F 1-1: Ball 2-1: Ball 3-1: DOUBLE (Flyball, 8LXD, EV 100.0 MPH)
|
Batting: SHB Matsudaira Ikeda
|
0-0: Ball 1-0: Ball 2-0: Ball 3-0: Called Strike 3-1: Ground out 4-3 (Groundball, 4, EV 78.8 MPH) Nate Mahon to third
|
Batting: RHB Juan Debayle
|
0-0: Ball 1-0: Called Strike 1-1: Ball 2-1: Ground out 6-3 (Groundball, 56, EV 90.6 MPH)
|
Top of the 6th over - 0 runs, 1 hit, 0 errors, 1 left on base; University of California 2 - Washington State University 5 |
BOTTOM OF THE 6TH |
Washington State University Cougars batting - Pitching for University of California Golden Bears : RHP Travis Morris
|
Batting: LHB Randolph Brodbeck
|
0-0: Called Strike 0-1: Swinging Strike 0-2: Ground out 4-3 (Groundball, 34, EV 83.1 MPH)
|
Batting: RHB Eric Kent
|
0-0: Called Strike 0-1: Called Strike 0-2: Ball 1-2: Ground out 6-3 (Groundball, 6, EV 101.9 MPH)
|
Batting: RHB Jesus Montoya
|
0-0: Ball 1-0: Ball 2-0: Foul Ball, location: 2F 2-1: Fly out, F9 (Flyball, 9S, EV 80.6 MPH)
|
Bottom of the 6th over - 0 runs, 0 hits, 0 errors, 0 left on base; University of California 2 - Washington State University 5 |
TOP OF THE 7TH |
University of California Golden Bears batting - Pitching for Washington State University Cougars : RHP Juan Serrano
|
Batting: RHB Alex Martinez
|
0-0: Ball 1-0: Called Strike 1-1: Foul Ball, location: 2F 1-2: Strikes out swinging
|
Batting: RHB Alex Guerra
|
0-0: Swinging Strike 0-1: Called Strike 0-2: Ball 1-2: Ball 2-2: Ball 3-2: DOUBLE (Line Drive, 5D, EV 106.2 MPH)
|
Batting: RHB Devon Healy
|
0-0: Ball 1-0: Ball 2-0: Ball 3-0: Called Strike 3-1: Fly out, F8 (Flyball, 8RD, EV 88.1 MPH) Runner from 2nd tags up, SAFE at 3rd with throw by CF
|
Batting: RHB Domingas Saragoa
|
0-0: Called Strike 0-1: Foul Ball, location: 2F 0-2: Fly out, F8 (Flyball, 89M, EV 91.2 MPH)
|
Top of the 7th over - 0 runs, 1 hit, 0 errors, 1 left on base; University of California 2 - Washington State University 5 |
BOTTOM OF THE 7TH |
Washington State University Cougars batting - Pitching for University of California Golden Bears : RHP Travis Morris
|
Pitching: LHP John van Asten
|
|
Batting: RHB Rich Griffith
|
0-0: Ball 1-0: Ball 2-0: Called Strike 2-1: Ball 3-1: Foul Ball, location: 2F 3-2: Ground out 4-3 (Groundball, 4, EV 101.9 MPH)
|
Batting: RHB Noe Oliva
|
0-0: Ball 1-0: Foul Ball, location: 2F 1-1: Ground out 4-3 (Groundball, 34, EV 101.9 MPH)
|
Batting: RHB Jon Chatman
|
0-0: Fly out, F8 (Flyball, 8RM, EV 75.0 MPH)
|
Bottom of the 7th over - 0 runs, 0 hits, 0 errors, 0 left on base; University of California 2 - Washington State University 5 |
TOP OF THE 8TH |
University of California Golden Bears batting - Pitching for Washington State University Cougars : RHP Juan Serrano
|
Pitching: LHP Chris Alexopoulos
|
|
Batting: LHB Luis Orellana
|
0-0: Ground out 4-3 (Groundball, 34, EV 100.6 MPH)
|
Batting: RHB Mario Diaz
|
0-0: Ball 1-0: Ball 2-0: Called Strike 2-1: Ground out 3-1 (Groundball, 34, EV 106.2 MPH)
|
Batting: RHB Nate Mahon
|
0-0: Ball 1-0: Fly out, F6 (Popup, 6, EV 54.4 MPH)
|
Top of the 8th over - 0 runs, 0 hits, 0 errors, 0 left on base; University of California 2 - Washington State University 5 |
BOTTOM OF THE 8TH |
Washington State University Cougars batting - Pitching for University of California Golden Bears : LHP John van Asten
|
Batting: RHB Leo Lopez
|
0-0: Called Strike 0-1: Ball 1-1: Ball 2-1: Fly out, F9 (Flyball, 89M, EV 86.2 MPH)
|
Batting: LHB Jeremy Rideout
|
0-0: Foul Ball, location: 2F 0-1: Called Strike 0-2: Ball 1-2: DOUBLE (Flyball, 8LXD, EV 100.0 MPH)
|
Batting: RHB Wilson Salgado
|
0-0: Ball 1-0: Called Strike 1-1: SINGLE (Line Drive, 8LS, EV 88.1 MPH) Jeremy Rideout to third
|
Batting: LHB Randolph Brodbeck
|
0-0: Called Strike 0-1: Swinging Strike 0-2: Ball Wild Pitch! Jeremy Rideout scores Wilson Salgado to second 1-2: Ground out U3 (Groundball, 3, EV 87.5 MPH) Wilson Salgado to third
|
Pitching: RHP Luis Lopez
|
|
Batting: RHB Eric Kent
|
0-0: Ball 1-0: Swinging Strike 1-1: Foul Ball, location: 2F 1-2: Foul Ball, location: 2F 1-2: Foul Ball, location: 2F 1-2: Ball 2-2: 2-RUN HOME RUN (Flyball, 78XD, EV 106.2 MPH), Distance : 430 ft
|
Batting: RHB Jesus Montoya
|
0-0: Called Strike 0-1: SOLO HOME RUN (Flyball, 7D, EV 97.5 MPH), Distance : 385 ft
|
Batting: RHB Rich Griffith
|
0-0: Ball 1-0: Ball 2-0: Ball 3-0: Base on Balls
|
Pinch Hitting: SHB Cedric Sweep
|
0-0: Called Strike 0-1: Foul Ball, location: 2F 0-2: Ball 1-2: Ball 2-2: Ground out U3 (Groundball, 34S, EV 85.0 MPH)
|
Bottom of the 8th over - 4 runs, 4 hits, 0 errors, 1 left on base; University of California 2 - Washington State University 9 |
TOP OF THE 9TH |
University of California Golden Bears batting - Pitching for Washington State University Cougars : LHP Chris Alexopoulos
|
Now in CF: Cedric Sweep
|
|
Pinch Hitting: LHB Eric Gaugler
|
0-0: Called Strike 0-1: Swinging Strike 0-2: Strikes out swinging
|
Batting: RHB Juan Debayle
|
0-0: Ball 1-0: Ball 2-0: Ground out U3 (Groundball, 3, EV 76.9 MPH)
|
Batting: RHB Alex Martinez
|
0-0: Swinging Strike 0-1: Ball 1-1: Swinging Strike 1-2: SINGLE (Line Drive, 89S, EV 98.8 MPH)
|
Batting: RHB Alex Guerra
|
0-0: Ball 1-0: Called Strike 1-1: Called Strike 1-2: Strikes out swinging
|
Top of the 9th over - 0 runs, 1 hit, 0 errors, 1 left on base; University of California 2 - Washington State University 9 |
|